 Dungeon Crawl Stone Soup version 0.27.1-4-g1640c2035a (webtiles) character file.

Game seed: 6034079538843148128

4527 scsoc the Cleaver (level 10, 0/90 HPs)
             Began as a Hill Orc Fighter on Nov 4, 2021.
             Was a Follower of Beogh.
             Slain by an orc wizard (15 damage)
             ... on level 9 of the Dungeon.
             The game lasted 00:18:52 (7302 turns).

scsoc the Cleaver (Hill Orc Fighter)                Turns: 7302, Time: 00:18:52

Health: 0/90       AC: 19    Str: 26    XL:     10   Next: 39%
Magic:  3/3        EV:  6    Int:  8    God:    Beogh [*.....]
Gold:   363        SH: 13    Dex: 10    Spells: 9/9 levels left

rFire    . . .     SeeInvis .   x - +8 long sword "Tazxat" {antimagic, rPois Str+3}
rCold    . . .     Faith    .   o - +2 kite shield
rNeg     . . .     Spirit   .   t - +0 plate armour
rPois    +         Reflect  .   f - +2 helmet
rElec    .         Harm     .   (no cloak)
rCorr    .         Rampage  .   (no gloves)
Will     .....                  j - +1 pair of boots
Stlth    ..........             e - amulet of regeneration
HPRegen  1.25/turn              (no ring)
MPRegen  0.08/turn              (no ring)

@: no status effects
A: no striking features
a: Renounce Religion


You were on level 9 of the Dungeon.
You worshipped Beogh.
Beogh was aware of your devotion.
You visited 1 branch of the dungeon, and saw 9 of its levels.

You collected 363 gold pieces.

Inventory:

Hand Weapons
 w - a +0 broad axe of venom
 x - the +8 long sword "Tazxat" (weapon) {antimagic, rPois Str+3}
   (You found it on level 8 of the Dungeon)

   It reduces the magical energy of the wielder, and disrupts the spells and
   magical abilities of those it strikes.
   Natural abilities and divine invocations are not affected.
   Str:       It affects your strength (+3).
   rPois:     It protects you from poison.
Armour
 f - a +2 helmet (worn)
 j - a +1 pair of boots (worn)
 o - a +2 kite shield (worn)
 t - a +0 plate armour (worn)
Jewellery
 e - an amulet of regeneration (around neck)
Wands
 h - a wand of iceblast (9)
 q - a wand of digging (6)
 u - a wand of mindburst (16)
Scrolls
 b - a scroll of identify
 i - 2 scrolls of torment
 l - 2 scrolls of amnesia
 m - a scroll of magic mapping
 n - a scroll of fear
 p - 2 scrolls of teleportation
Potions
 a - a potion of mutation {unknown}
 c - 3 potions of heal wounds
 d - 2 potions of might
 g - 3 potions of attraction
 k - 3 potions of curing
 r - a potion of brilliance
 s - 2 potions of resistance
 v - a potion of degeneration {unknown}


   Skills:
 + Level 8.4 Fighting
 + Level 0.8 Long Blades
 + Level 12.5 Axes
 + Level 7.4 Armour
 + Level 3.6 Dodging
 + Level 0.6 Stealth
 + Level 6.7 Shields


You had 9 spell levels left.
You didn't know any spells.
Your spell library contained the following spells:

 Spells                   Type           Power      Damage    Failure   Level
 Animate Skeleton         Necr           0%         N/A       100%        1
 Pain                     Necr           0%         1d4       100%        1
 Call Canine Familiar     Summ           0%         N/A       100%        3
 Portal Projectile        Hex/Tloc       0%         N/A       100%        3
 Vampiric Draining        Necr           0%         2d6       100%        3
 Leda's Liquefaction      Hex/Erth       0%         N/A       100%        4


Dungeon Overview and Level Annotations

Branches:
Dungeon (9/15)             Temple (0/1) D:6
   Lair: D:8-11         Orc: D:9-12

Altars:
Okawaru
Trog
Vehumet

Shops:
D:1 =

Annotations:
D:2 1 runed translucent door, Crazy Yiuf


Message History

Deactivating autopickup; reactivate with Ctrl-A.
The orc wizard gestures wildly while chanting.
The orc wizard flickers and vanishes!
An orc comes into view. It is wielding a +0 flail.
The orc shouts!
You hit the orc.
The orc is moderately wounded.
The orc hits you but does no damage.
You hit the orc.
You kill the orc!
Beogh accepts your kill.
A puff of flame appears from out of thin air!
The puff of flame misses you.
You slash the orc!
You kill the orc!
Beogh accepts your kill.
You miss something. Something hits you but does no damage.
You closely miss something. You block something's attack.
Something hits you but does no damage.
You are electrocuted!
You slash the orc!
You kill the orc!
Beogh accepts your kill. Something hits you but does no damage.
Something hits you.
Something hits you but does no damage. x2; You are electrocuted!
No target in view!
No target in view!
No target in view!
You miss something.
You hear some strange, mumbled words.
A puff of flame appears from out of thin air!
You block the puff of flame. Something hits you but does no damage.
You closely miss something.
Something hits you but does no damage. x3
Something hits you.
You are electrocuted!
You miss something.
Something hits you but does no damage. x2
You are electrocuted!!
Something hits you but does no damage.
You hit something. Something hits you.
You are electrocuted!
* * * LOW HITPOINT WARNING * * *
Something hits you but does no damage. x2; You are electrocuted!
You die...
Beogh appreciates something's killing of a heretic priest.

,*,,,,***********,,**+***,,,,,,*
,*****,,,,*******..##.,,*,,**,,*
,,,,,*,**,*,,,,,,....,,,*,,**,,*
,,,,,*,**,*,,,,,,...,,,.*,,**,,*
******,,,,#+#****..#*,..*,,,,,,*
,,*****####..####..##...*,,,,,,*
,,+,,,,.................+,,,,,,*
,,*,,,,.........{)......*,****,*
,,*,,,,.........@).######...,,,*
,,*+***#######'#####<.......,,,*
,,,,,,,..............##.....,,,*
,,,,,,,.........##...#*,,...*,,*
*,,,,,,.........##.......,,.,,,*
*,,,,,,.........##........,<,,,*
,,,,,,,.........##.........,,,,*
,,,,,,,....................,,,,*
*******####################*****


There were no monsters in sight!

Vanquished Creatures
  Maggie (D:8)
  A troll (D:6)
  Grinder (D:4)
  Sigmund (D:3)
  5 yaks (D:5)
  A water moccasin (D:7)
  5 ice beasts
  2 black bears
  2 orc warriors
  2 sky beasts
  3 ogres
  2 necrophages
  A phantom (D:4)
  3 bullfrogs (D:8)
  A wyvern zombie (D:7)
  4 scorpions
  A water moccasin zombie (D:7)
  A howler monkey (D:5)
  A bullfrog zombie (D:6)
  A centaur zombie (D:6)
  A hound (D:6)
  A bullfrog skeleton (D:6)
  A centaur skeleton (D:5)
  Natasha (thrice) (D:3)
  7 orc wizards
  3 iguanas
  A killer bee zombie (D:7)
  Robin (D:3)
  7 gnolls (D:6)
  A howler monkey skeleton (D:7)
  3 adders
  2 worms (D:3)
  2 dart slugs (D:1)
  23 orcs
  5 bats
  7 endoplasms
  3 giant cockroaches
  16 goblins
  7 hobgoblins
  7 jackals
  4 quokkas
  8 ball pythons
  4 frilled lizards
  9 kobolds
  6 rats
171 creatures vanquished.

Vanquished Creatures (others)
  2 orcs (D:6)
2 creatures vanquished.

Grand Total: 173 creatures vanquished

Notes
Turn   | Place    | Note
-------+----------+-------------------------------------------
     0 | D:1      | scsoc the Hill Orc Fighter began the quest for the Orb.
     0 | D:1      | Reached XP level 1. HP: 19/19 MP: 1/1
     6 | D:1      | Found Naschuta's Jewellery Shop.
   271 | D:1      | Reached XP level 2. HP: 23/27 MP: 2/2
   455 | D:1      | Reached skill level 3 in Axes
   649 | D:1      | Found a faded altar of an unknown god.
   874 | D:1      | Reached XP level 3. HP: 33/33 MP: 3/3
  1432 | D:2      | Found a bloodstained altar of Trog.
  1544 | D:2      | Reached XP level 4. HP: 39/41 MP: 4/4
  1856 | D:2      | Found a runed translucent door.
  1857 | D:2      | Noticed Crazy Yiuf
  1965 | D:3      | Noticed Robin
  1977 | D:3      | Killed Robin
  2134 | D:3      | Noticed Natasha
  2142 | D:3      | Killed Natasha
  2143 | D:3      | Reached XP level 5. HP: 45/47 MP: 5/5
  2156 | D:3      | Noticed Sigmund
  2194 | D:3      | Killed Sigmund
  2195 | D:3      | Reached skill level 5 in Fighting
  2195 | D:3      | Reached skill level 4 in Axes
  2195 | D:3      | Reached skill level 1 in Dodging
  2195 | D:3      | Reached XP level 6. HP: 10/56 MP: 6/6
  2402 | D:3      | Noticed Natasha
  2408 | D:3      | Killed Natasha
  2417 | D:3      | Noticed Natasha
  2421 | D:3      | Killed Natasha
  2486 | D:3      | Reached skill level 5 in Axes
  3051 | D:4      | Reached skill level 5 in Armour
  3267 | D:4      | Noticed Grinder
  3277 | D:4      | Reached XP level 7. HP: 61/61 MP: 7/7
  3283 | D:4      | Paralysed by Grinder for 5 turns
  3291 | D:4      | Paralysed by Grinder for 2 turns
  3300 | D:4      | Killed Grinder
  3301 | D:4      | Reached skill level 6 in Axes
  3564 | D:5      | Entered Level 5 of the Dungeon
  3611 | D:5      | Noticed a yak
  3616 | D:5      | Noticed a yak
  3617 | D:5      | Reached skill level 7 in Axes
  3617 | D:5      | Noticed a yak
  3617 | D:5      | Noticed a yak
  3625 | D:5      | Noticed a yak
  3630 | D:5      | Killed a yak
  3631 | D:5      | Reached XP level 8. HP: 65/70 MP: 8/8
  3631 | D:5      | Killed a yak
  3632 | D:5      | Reached skill level 8 in Axes
  3636 | D:5      | Killed a yak
  3639 | D:5      | Killed a yak
  3640 | D:5      | Reached skill level 9 in Axes
  3640 | D:5      | Reached skill level 5 in Shields
  3645 | D:5      | Killed a yak
  3649 | D:5      | Reached XP level 9. HP: 62/79 MP: 9/9
  4060 | D:5      | Reached skill level 10 in Axes
  4398 | D:6      | Found a bloodstained altar of Trog.
  4398 | D:6      | Found a radiant altar of Vehumet.
  4433 | D:6      | Became a worshipper of Beogh the Brigand
  4445 | D:6      | Found an iron altar of Okawaru.
  4750 | D:6      | Noticed a troll
  4758 | D:6      | Killed a troll
  4759 | D:6      | Reached skill level 11 in Axes
  5117 | D:6      | Found a staircase to the Ecumenical Temple.
  5935 | D:7      | Reached XP level 10. HP: 88/88 MP: 10/10
  6043 | D:7      | Reached skill level 12 in Axes
  6155 | D:7      | Reached * piety under Beogh
  7023 | D:8      | Identified the +8 long sword "Tazxat" {antimagic, rPois
                  | Str+3}
  7096 | D:8      | Noticed Maggie
  7120 | D:8      | Killed Maggie
  7302 | D:9      | Slain by an orc wizard

Illustrated notes

Levels and vault maps discovered:
D:1:      shiori_arrival_maze, layout_basic,
          hellmonk_ecumenical_altar_arch_garden, serial_shops, shop,
          minmay_split_cup_small
D:2:      layout_rooms, basic_altar, grunt_decor_cap, minmay_hexomino_p4,
          uniq_crazy_yiuf_cottage
D:3:      layout_loops_ring, uniq_sigmund, uniq_natasha, uniq_robin
D:4:      layout_basic, uniq_grinder
D:5:      layout_loops_ring
D:6:      layout_basic, chequers_temple_overflow_statue_of_worship,
          lemuel_tele_altar, minmay_temple_entry_arrows,
          chequers_decorated_corner, grunt_ministairs_8, lemuel_another_geyser
D:7:      layout_loops_corners, nicolae_ossuary_entry_monument
D:8:      layout_loops_ring, minmay_misc_feat_rows, serial_bayou_pond_e,
          nicolae_sextant, uniq_maggie
D:9:      layout_stronghold, enter_bailey_3, st_stairs_4,
          chequers_serial_rivers_micro_e

Skill      XL: |  1  2  3  4  5  6  7  8  9 10 |
---------------+-------------------------------+-----
Axes           | 3 4 5 7 9 11 12 | 12.5
Fighting       | 4 5 6 7 8 |  8.4
Armour         | 4 5 6 7 |  7.4
Dodging        | 1 2 3 |  3.6
Shields        | 4 5 6 |  6.7
Long Blades    | |  0.8
Stealth        | |  0.6

Action                   |  1- 3 |  4- 6 |  7- 9 | 10-12 || total
-------------------------+-------+-------+-------+-------++-------
Melee: War axe           |   119 |   147 |   246 |    45 ||   557
       Broad axe         |       |       |       |    57 ||    57
       Long sword        |       |       |       |    35 ||    35
Invok: Convert to Beogh  |       |       |     1 |       ||     1
  Use: Scroll            |     3 |     5 |     1 |     4 ||    13
       Potion            |     1 |       |     4 |       ||     5
Armor: Scale mail        |    74 |    81 |   101 |    13 ||   269
       Plate armour      |       |       |       |    47 ||    47
       Chain mail        |       |       |       |     5 ||     5
Dodge: Dodged            |    45 |    49 |    60 |    23 ||   177
Block: Kite shield       |    59 |    78 |   103 |    70 ||   310
       Rpst.: Long sword |       |       |       |     2 ||     2
